Map: Iron Fortress LE

Players

Minigun

  • Race: Protoss Protoss
  • Spawn Location: 5:00

Pseudorandom - Winner!

VOD

Have the link to the VOD?

Description

Time

  • Played on: April 1, 2015, 12:33 a.m.
  • Length: 12:07
Show
View Real Time Build Order
Export as new Build Order

Minigun Protoss 

Build Orders: 1 Gate Expand, Oracle Opening, Colossi Deathball 

Get SALT Encoding   

  12  0:01  Probe  
  13  0:14  Pylon  
  13  0:19  Probe  
  14  0:32  Probe (Chrono Boost)  
  15  0:40  Gateway  
  16  0:44  Probe (Chrono Boost)  
  16  0:50  Probe (Chrono Boost)  
  16  0:56  Assimilator  
  17  1:01  Probe  
  18  1:13  Probe (Chrono Boost)  
  18  1:14  Pylon  
  19  1:23  Probe (Chrono Boost)  
  20  1:30  Cybernetics Core, Probe  
  21  1:42  Probe  
  22  1:52  Nexus  
  22  1:55  Probe  
  22  1:59  Pylon  
  23  2:07  Mothership Core (Chrono Boost)  
  25  2:11  Assimilator  
  25  2:15  Zealot  
  27  2:22  Warp Gate (Chrono Boost)  
  27  2:25  Probe  
  28  2:35  Gateway  
  28  2:37  Probe  
  29  2:44  Gateway  
  29  2:51  Probe (Chrono Boost)  
  29  2:53  Forge  
  30  3:03  Probe (Chrono Boost)  
  31  3:07  Sentry  
  31  3:08  Probe (Chrono Boost)  
  33  3:13  Probe (Chrono Boost)  
  35  3:22  Probe (Chrono Boost)  
  35  3:23  Probe (Chrono Boost)  
  36  3:29  Probe (Chrono Boost), Stargate  
  38  3:34  Probe (Chrono Boost)  
  38  3:40  Probe (Chrono Boost)  
  39  3:44  Probe (Chrono Boost)  
  41  3:52  Probe x2 (Chrono Boost)  
  42  3:58  Probe  
  42  3:59  Probe  
  44  4:03  Pylon  
  44  4:09  Pylon  
  44  4:10  Probe  
  44  4:11  Probe  
  44  4:15  Oracle (Chrono Boost)  
  49  4:20  Zealot  
  49  4:22  Probe, Zealot  
  49  4:23  Probe, Zealot  
  57  4:24  Pylon  
  57  4:35  Probe x2  
  59  4:42  Assimilator  
  59  4:44  Sentry  
  59  4:45  Assimilator  
  59  4:47  Probe x2  
  61  4:59  Probe  
  63  5:00  Probe  
  63  5:04  Stalker  
  65  5:12  Probe (Chrono Boost)  
  67  5:14  Probe (Chrono Boost)  
  67  5:20  Gateway, Protoss Ground Weapons Level 1 (Chrono Boost)  
  67  5:22  Gateway  
  67  5:25  Gateway  
  67  5:27  Sentry x2, Probe x2 (Chrono Boost)  
  73  5:36  Pylon  
  73  5:37  Pylon  
  73  5:39  Pylon  
  73  5:43  Nexus  
  73  5:47  Probe, Pylon  
  74  5:52  Twilight Council  
  74  5:57  Sentry  
  74  5:58  Sentry, Stalker  
  80  6:10  Photon Cannon  
  80  6:13  Probe x2  
  82  6:21  Zealot  
  82  6:22  Stalker x3  
  82  6:23  Stalker  
  93  6:25  Probe x2  
  93  6:26  Blink (Chrono Boost)  
  94  6:33  Robotics Facility  
  94  6:37  Probe x2  
  96  6:43  Gateway  
  96  6:49  Probe  
  96  6:50  Probe  
  98  7:01  Assimilator  
  98  7:02  Probe (Chrono Boost)  
  98  7:05  Assimilator  
  98  7:06  Protoss Ground Weapons Level 2 (Chrono Boost)  
  98  7:07  Probe (Chrono Boost)  
  97  7:12  Sentry, Probe (Chrono Boost)  
  97  7:13  Sentry, Zealot x2  
  97  7:14  Zealot x2  
  97  7:15  Probe (Chrono Boost)  
  101  7:29  Probe  
  99  7:31  Probe  
  99  7:35  Pylon x2  
  100  7:39  Observer (Chrono Boost)  
  100  7:40  Stalker x3  
  100  7:42  Robotics Bay  
  103  7:58  Zealot x3  
  103  8:03  Pylon  
  103  8:05  Pylon  
  109  8:07  Pylon  
  109  8:09  Gateway  
  109  8:11  Gateway  
  109  8:17  Sentry x3  
  115  8:21  Zealot x2  
  115  8:23  Adept  
  111  8:46  Stalker x3  
  111  8:47  Stalker x2  
  99  8:48  Stalker x4  
  99  8:49  Stalker  
  99  8:52  Pylon  
  99  8:54  Disruptor (Chrono Boost)  
  109  8:56  Probe x2, Disruptor  
  105  9:08  Stalker  
  99  9:11  Stalker x3  
  99  9:12  Stalker x2  
  106  9:33  Disruptor  
  106  9:35  Disruptor (Chrono Boost)  
  106  9:45  Stalker x6  
  73  10:10  Disruptor (Chrono Boost)  
  73  10:11  Stalker x3  
  73  10:12  Stalker x2  
  82  10:16  Disruptor x2  
  82  10:17  Probe  
  82  10:28  Probe  
  82  10:30  Probe  
  82  10:34  Stalker x3  
  82  10:35  Stalker x2  
  89  10:40  Probe  
  70  10:57  Stalker  
  70  10:58  Stalker x4  
  70  11:01  Probe  
  70  11:02  Probe  
  73  11:11  Pylon  
  73  11:16  Nexus  
Show
View Real Time Build Order
Export as new Build Order

Pseudorandom Zerg - Winner!

Build Orders: Hatch First, Lurkers 

Get SALT Encoding   

  12  0:00  Drone  
  13  0:09  Drone  
  14  0:19  Overlord  
  14  0:24  Drone, Extractor  
  15  0:41  Drone x2  
  17  0:49  Drone  
  18  1:04  Hatchery, Drone  
  18  1:12  Spawning Pool  
  18  1:16  Drone  
  18  1:19  Drone  
  18  1:24  Extractor  
  18  1:31  Drone  
  19  1:39  Drone  
  20  1:49  Overlord  
  20  1:59  Zergling x2  
  21  2:06  Queen  
  23  2:09  Drone  
  24  2:16  Drone, Queen  
  24  2:22  Drone  
  28  2:27  Drone  
  28  2:29  Metabolic Boost  
  29  2:31  Drone  
  30  2:39  Drone  
  31  2:44  Overlord  
  31  2:49  Drone  
  31  3:01  Overlord  
  31  3:02  Drone  
  31  3:03  Lair  
  32  3:08  Zergling x2  
  32  3:09  Hatchery  
  32  3:10  Drone  
  33  3:13  Drone  
  33  3:14  Drone x2  
  33  3:16  Drone  
  37  3:21  Drone x2  
  37  3:24  Extractor  
  38  3:27  Evolution Chamber  
  38  3:31  Zergling x4  
  38  3:33  Drone  
  38  3:34  Drone  
  41  3:37  Overlord  
  41  3:42  Drone  
  41  3:48  Drone  
  43  3:57  Zerg Missile Weapons Level 1  
  43  4:04  Drone x4  
  43  4:05  Drone  
  43  4:06  Drone  
  43  4:07  Drone x2  
  43  4:08  Hydralisk Den  
  50  4:10  Extractor  
  50  4:13  Drone x2  
  50  4:14  Overlord  
  50  4:15  Overlord  
  51  4:22  Queen  
  51  4:24  Drone  
  54  4:28  Drone x2, Extractor  
  55  4:51  Hydralisk x2  
  55  4:52  Hydralisk x3  
  64  4:58  Drone x5  
  64  4:59  Drone x2  
  71  5:05  Hatchery  
  71  5:06  Spore Crawler  
  61  5:18  Drone x6  
  67  5:24  Zergling x2  
  68  5:31  Hydralisk x3  
  68  5:35  Drone x3  
  77  5:39  Muscular Augments  
  77  5:55  Zerg Ground Armor Level 1  
  78  5:57  Drone x4  
  78  5:58  Overlord x2  
  81  6:17  Overlord x2  
  81  6:18  Hydralisk x5  
  81  6:19  Hydralisk x3  
  97  6:32  Overlord x2  
  97  6:39  Hatchery  
  95  6:41  Zergling x6  
  95  6:42  Zergling x12  
  104  6:54  Spore Crawler  
  103  7:02  Spore Crawler, Drone x4  
  103  7:03  Drone  
  95  7:16  Lurker Den  
  95  7:17  Hydralisk x9  
  95  7:19  Zergling x2  
  105  7:32  Zergling x16  
  114  7:37  Drone x4  
  114  7:42  Zergling x8  
  114  7:43  Zergling x2  
  121  7:54  Zergling x6  
  122  7:59  Zerg Missile Weapons Level 2  
  122  8:00  Overlord  
  122  8:02  Zergling x8  
  122  8:03  Zergling x6  
  129  8:08  Spine Crawler  
  129  8:12  Drone x5  
  124  8:39  Zergling x18  
  124  8:40  Zergling x26  
  128  9:06  Zergling x8  
  128  9:07  Zergling x20  
  137  9:11  Lurker x4  
  137  9:13  Lurker, Hydralisk  
  118  9:41  Drone x8  
  118  9:42  Drone x3  
  118  9:43  Infestation Pit  
  126  9:51  Zergling x8  
  126  9:52  Zergling x10  
  126  9:57  Hydralisk  
  126  9:58  Hydralisk x3  
  129  10:04  Extractor  
  129  10:05  Extractor x2  
  129  10:06  Extractor  
  125  10:18  Hydralisk x7  
  125  10:19  Hydralisk x5  
  125  10:21  Hive  
  139  10:33  Hydralisk  
  139  10:34  Hydralisk x2  
  139  10:35  Zergling x24  
  134  10:46  Zergling x2  
  134  10:47  Zergling x12  
  134  10:49  Hydralisk  
  130  11:01  Zergling x2  
  130  11:02  Zergling x18  
  133  11:07  Hydralisk  
  133  11:08  Hydralisk  
  135  11:13  Drone x4  
  135  11:17  Lurker  
  138  11:18  Lurker  
  138  11:19  Lurker  
  140  11:27  Hydralisk x2  
  140  11:28  Hydralisk x2  
  140  11:30  Zergling x2  
  140  11:31  Overlord  
  140  11:32  Overlord  
  140  11:37  Overlord  
  140  11:38  Overlord x2  
  140  11:58  Spore Crawler x2  
  140  11:59  Spore Crawler  
Tags
 
Add a new tag
Caveats
  • Supply blocks, unpowered buildings, or Contaminate may cause inaccurate times.
  • Supply counts are checked every 10 seconds.